 Dungeon Crawl Stone Soup version 0.23.2-11-gf996548 (webtiles) character file.

Game seed: 12784597146918293970

85918 WimpyRanger the Unseen (level 15, -10/130 HPs)
             Began as an Octopode Assassin on May 31, 2019.
             Was the Champion of Dithmenos.
             Mangled by a +1 dire flail of crushing (19 damage)
             ... on level 2 of the Orcish Mines on June 4, 2019.
             The game lasted 01:34:18 (26543 turns).

WimpyRanger the Unseen (Octopode Assassin)         Turns: 26543, Time: 01:34:19

Health: -10/130    AC:  3    Str: 21    XL:     15   Next: 85%
Magic:  12/30      EV: 21    Int: 18    God:    Dithmenos [******]
Gold:   928        SH:  9    Dex: 21    Spells: 11/37 levels left

rFire    . . .     SeeInvis +   g - +5 dagger (drain)
rCold    + . .     Gourm    .   E - +3 buckler
rNeg     + + .     Faith    .   K - +2 hat
rPois    .         Spirit   .   B - amulet of the acrobat
rElec    .         Reflect  .   n - +3 ring of strength
rCorr    .         Harm     .   q - +3 ring of intelligence
MR       ++...                  D - ring of positive energy
Stlth    ..........             u - ring "Kuwylall" {rC+ Int+2 Dex+3 SInv}
HPRegen  0.31/turn              I - ring of wizardry
MPRegen  0.22/turn              R - ring of positive energy
                                X - ring of protection from magic
                                Q - ring of wizardry

@: berserking, wreathed by umbra, very quick
A: almost no armour, stealthy swim, amphibious, 8 rings, constrict 8, camouflage
1, gelatinous body 1
a: Shadow Step, Shadow Form, Renounce Religion


You were on level 2 of the Orcish Mines.
You worshipped Dithmenos.
Dithmenos was exalted by your worship.
You were very hungry.

You visited 5 branches of the dungeon, and saw 25 of its levels.
You visited 1 bazaar.

You collected 2286 gold pieces.
You spent 1358 gold pieces at shops.

Inventory:

Hand Weapons
 a - a +2 dagger of draining
 b - a +0 blowgun (quivered)
 g - a +5 dagger of draining (weapon)
 v - a +1 dagger of venom
Missiles
 c - 76 poisoned needles
 l - a curare-tipped needle
Armour
 E - a +3 buckler (worn)
 K - a +2 hat (worn)
Magical Staves
 O - an uncursed staff of earth
Jewellery
 k - an uncursed amulet of regeneration
 n - a +3 ring of strength (left tentacle)
 q - a +3 ring of intelligence (right tentacle)
 u - the ring "Kuwylall" (on tentacle) {rC+ Int+2 Dex+3 SInv}
   (You acquired it on level 1 of the Lair of Beasts)

   [ring of protection from cold]

   It affects your intelligence (+2).
   It affects your dexterity (+3).
   It protects you from cold.
   It lets you see invisible.
 y - an uncursed amulet of magic regeneration
 B - an amulet of the acrobat (around mantle)
 D - a ring of positive energy (on tentacle)
 I - a ring of wizardry (on tentacle)
 M - an uncursed amulet of faith
 Q - a ring of wizardry (on tentacle)
 R - a ring of positive energy (on tentacle)
 V - an uncursed amulet of guardian spirit
 X - a ring of protection from magic (on tentacle)
Wands
 h - a wand of iceblast (26)
 t - a wand of flame (37)
 w - a wand of paralysis (13)
 T - a wand of disintegration (40)
Scrolls
 e - a scroll of silence
 i - 16 scrolls of remove curse
 o - a scroll of magic mapping
 p - 5 scrolls of enchant armour
 x - 5 scrolls of teleportation
 F - a scroll of identify
 J - a scroll of fog
 L - 4 scrolls of amnesia
 U - a scroll of vulnerability
 W - a scroll of summoning
 Y - a scroll of holy word
Potions
 d - 8 potions of agility
 j - 8 potions of curing
 m - 2 potions of brilliance
 r - 4 potions of haste
 s - 2 potions of might
 z - a potion of mutation
 A - 2 potions of magic
 C - 3 potions of heal wounds
 G - a potion of flight
 H - 5 potions of lignification
 N - a potion of resistance
 P - 2 potions of ambrosia
 S - a potion of berserk rage
 Z - 2 potions of cancellation
Comestibles
 f - 10 rations


   Skills:
 - Level 2.9 Fighting
 - Level 10.9 Short Blades
 - Level 4.0 Throwing
 - Level 9.4 Dodging
 - Level 16.3 Stealth
 - Level 5.0 Shields
 + Level 11.8 Spellcasting
 - Level 6.0 Conjurations
 - Level 7.4 Hexes
 * Level 6.4 Ice Magic
 + Level 8.2 Earth Magic
 - Level 4.0 Invocations
 - Level 3.1 Evocations


You had 11 spell levels left.
You knew the following spells:

 Your Spells              Type           Power        Failure   Level  Hunger
a - Confusing Touch       Hex            #####.       1%          1    None
b - Confuse               Hex            #####...     1%          3    None
c - Passwall              Tmut/Erth      ####....     1%          2    None
d - Ensorcelled Hibernat  Hex/Ice        #####.       1%          2    None
e - Stone Arrow           Conj/Erth      #####.       1%          3    None
f - Metabolic Englaciati  Hex/Ice        #####.....   3%          5    ####...
g - Lee's Rapid Deconstr  Erth           #####.....   1%          5    ####...
h - Bolt of Magma         Conj/Fire/Erth ####......   7%          5    ####...

Your spell library contained the following spells:

 Spells                   Type           Power        Failure   Level  Hunger
 Animate Skeleton         Necr           N/A          1%          1    None
 Corona                   Hex            #####..      1%          1    None
 Flame Tongue             Conj/Fire      ###..        1%          1    None
 Freeze                   Ice            ####         1%          1    None
 Pain                     Necr           ##..         1%          1    None
 Sandblast                Erth           #####.       1%          1    None
 Sting                    Conj/Pois      ###.         1%          1    None
 Throw Flame              Conj/Fire      ###...       1%          2    None
 Throw Frost              Conj/Ice       ####..       1%          2    None
 Conjure Flame            Conj/Fire      ###.....     1%          3    None
 Dazzling Spray           Conj/Hex       ####..       1%          3    None
 Inner Flame              Hex/Fire       ###.....     1%          3    None
 Ozocubu's Armour         Chrm/Ice       ###.....     1%          3    None
 Tukima's Dance           Hex            #####...     1%          3    None
 Leda's Liquefaction      Hex/Erth       #####.....   1%          4    ##.....
 Throw Icicle             Conj/Ice       ####....     1%          4    ##.....
 Poisonous Vapours        Pois/Air       ##....       2%          2    None
 Mephitic Cloud           Conj/Pois/Air  ###.....     2%          3    None
 Petrify                  Tmut/Erth      ####....     3%          4    ##.....
 Gell's Gravitas          Tloc           ##........   5%          3    None
 Regeneration             Chrm/Necr      ##........   5%          3    None
 Vampiric Draining        Necr           ##........   5%          3    None
 Sticky Flame             Conj/Fire      ###.....     5%          4    ##.....
 Summon Ice Beast         Ice/Summ       ###.....     5%          4    ##.....
 Yara's Violent Unravell  Hex/Tmut       ###.......   11%         5    ####...
 Fireball                 Conj/Fire      ###.......   14%         5    ####...
 Irradiate                Conj/Tmut      ###.......   14%         5    ####...
 Venom Bolt               Conj/Pois      ###.......   14%         5    ####...
 Iron Shot                Conj/Erth      #####.....   14%         6    ######.
 Animate Dead             Necr           N/A          17%         4    ##.....
 Olgreb's Toxic Radiance  Pois           ##......     17%         4    ##.....
 Statue Form              Tmut/Erth      ####.....    41%         6    ######.
 Hydra Form               Tmut           ##........   91%         6    ######.
 Dragon Form              Tmut           ##........   100%        7    #######
 Shatter                  Erth           #####.....   100%        9    #######


Dungeon Overview and Level Annotations

Branches:
Dungeon (15/15)            Temple (0/1) D:6            Lair (6/6) D:10
 Shoals (1/4) Lair:3        Snake (0/4) Lair:4        Slime (0/5) Lair:6
    Orc (2/2) D:10            Elf (1/3) Orc:2        Vaults (0/5) D:14
 Depths: D:15

Altars:
Cheibriados
Dithmenos
Gozag
Hepliaklqana
Kikubaaqudgha
Sif Muna

Shops:
D:6 *   Orc:1 [   Orc:2 [(*[

Portals:
Trove: D:14 (give 7 scrolls of blinking)

Annotations:
D:15 Azrael
Lair:5 exclusion: downstairs
Shoals:1 exclusion: Roxanne, Roxanne


Innate Abilities, Weirdness & Mutations

You cannot wear most types of armour.
You are very stealthy in the water. (Stealth+)
You are amphibious.
You can wear up to eight rings at the same time.
You can use your tentacles to constrict eight enemies at once.
Your skin changes colour to match your surroundings (Stealth+).
Your rubbery body absorbs attacks. (AC +1, EV +1)


Message History

Unknown command.
The +1 dire flail of crushing hits you!!
* * * LOW HITPOINT WARNING * * *
You emit a cloud of dark smoke.
* * * LOW HITPOINT WARNING * * *
The orc wizard casts a spell.
The orc wizard blinks!
You climb upwards.
Welcome back to the Orcish Mines!
There is a staircase to the Elven Halls, spattered with blood here.
Things that are here:
a cursed +0 ring mail; a +0 club; an orc corpse Unknown command.
Okay, then.
Unknown command.
Okay, then.
A red film seems to cover your vision as you go berserk!
You feel yourself moving faster!
You feel mighty!
The +1 dire flail of crushing completely misses you.
The +1 dire flail of crushing hits you!!
You die...

###..........##...............##
#........<...##.......).....##.
##....##......###############.)
##.##......................... ##
#..........#...............#..
.###.............................
..###........#...................
..#####......#.†.................
...######......[@...............)
..≈≈≈≈≈≈≈#.......(..[....#.......
..P...≈≈≈≈≈≈.....................
P....∩≈≈≈≈.......#...........#...
..P..≈≈≈≈....#...................
....≈≈≈.....##.#.......[.........
...........##.....#..............
..................###............
.......###....##.## #............


You could see a +1 dire flail of crushing.

Vanquished Creatures
  Jorgrun (D:13)
  Rupert (Lair:3)
  Gastronok (Lair:1)
  An ironheart preserver (D:14)
  Fannar (Lair:1)
  8 hydras
  2 centaur warriors
  5 two-headed ogres
  A tengu warrior (D:15)
  5 orc high priests
  A wizard (D:14)
  Pikel (D:4)
  An orc knight (Orc:1)
  A deep elf mage (D:14)
  12 ugly things
  3 orc sorcerers
  3 cyclopes
  A manticore (D:11)
  6 elephants
  Joseph (D:7)
  2 black mambas
  7 spiny frogs
  2 gargoyles
  5 torpor snails
  3 rime drakes
  A yaktaur (shapeshifter) (D:14)
  A kobold demonologist (D:14)
  A yaktaur (D:14)
  3 komodo dragons
  A harpy zombie (D:14)
  A merfolk (D:10)
  A tengu conjurer (D:14)
  4 hornets (Lair:6)
  A meliai (D:14)
  4 polar bears
  Prince Ribbit (D:7)
  5 trolls
  7 blink frogs
  A harpy skeleton (D:13)
  4 slime creatures (D:13)
  3 dream sheep (Lair:6)
  7 hippogriffs
  3 water elementals (D:13)
  A shadow (D:14)
  14 spriggans
  4 wyverns
  30 yaks
  4 basilisks
  Grum (Lair:1)
  7 vampire mosquitoes
  3 hungry ghosts
  A warg (shapeshifter) (D:14)
  9 water moccasins
  5 porcupines
  An ice beast (D:10)
  17 orc warriors
  4 sky beasts
  A slave (D:4)
  6 black bears
  A necrophage (D:8)
  5 boggarts (Lair:6)
  2 eyes of draining
  4 phantoms
  10 ogres
  13 crocodiles
  27 wolves
  18 centaurs
  2 big kobolds
  15 bullfrogs
  A wyvern skeleton (D:14)
  4 scorpions
  9 killer bees
  8 wights
  8 howler monkeys
  A bullfrog zombie (D:11)
  5 centaur zombies
  6 crimson imps
  2 jellies
  8 hounds
  Crazy Yiuf (D:6)
  24 orc priests
  A gnoll shaman (D:2)
  3 centaur skeletons
  2 bullfrog skeletons
  Terence (D:2)
  3 iguanas
  Natasha (thrice) (D:2)
  25 orc wizards
  4 worker ants
  A killer bee zombie (D:8)
  A hound skeleton (D:10)
  10 gnolls
  A howler monkey skeleton (D:11)
  14 adders
  5 shadow imps
  An adder zombie (D:9)
  An adder skeleton (D:4)
  6 worms
  5 dart slugs
  3 leopard geckos
  68 orcs
  8 bats
  4 giant cockroaches
  27 hobgoblins
  16 jackals
  11 kobolds
  2 quokkas
  A frilled lizard (D:2)
  12 goblins
  2 jackal skeletons
  2 quokka skeletons
  A quokka zombie (D:8)
  12 rats
662 creatures vanquished.

Vanquished Creatures (collateral kills)
  A wight (D:10)
  An adder (D:10)
  A shadow imp (D:10)
3 creatures vanquished.

Vanquished Creatures (others)
  10 fungi
  8 plants
18 creatures vanquished.

Grand Total: 683 creatures vanquished

Notes
Turn   | Place    | Note
-------+----------+-------------------------------------------
     0 | D:1      | WimpyRanger the Octopode Assassin began the quest for the
                  | Orb.
     0 | D:1      | Reached XP level 1. HP: 14/14 MP: 1/1
   191 | D:1      | Reached XP level 2. HP: 18/19 MP: 2/2
   238 | D:1      | Reached skill level 6 in Stealth
   683 | D:1      | Reached XP level 3. HP: 22/24 MP: 3/3
  1360 | D:2      | Reached XP level 4. HP: 21/29 MP: 4/4
  1361 | D:2      | Reached skill level 7 in Stealth
  1634 | D:2      | Reached XP level 5. HP: 28/34 MP: 5/5
  2016 | D:2      | Noticed Natasha
  2023 | D:2      | Killed Natasha
  2023 | D:2      | Reached skill level 8 in Stealth
  2219 | D:2      | Noticed Natasha
  2234 | D:2      | Noticed Terence
  2240 | D:2      | Killed Natasha
  2270 | D:2      | Killed Terence
  2270 | D:2      | Reached XP level 6. HP: 39/39 MP: 6/6
  2792 | D:2      | Noticed Natasha
  2811 | D:2      | Killed Natasha
  2984 | D:2      | Reached skill level 9 in Stealth
  3857 | D:4      | Noticed Pikel
  3857 | D:4      | Noticed a slave
  3857 | D:4      | Noticed a slave
  3857 | D:4      | Noticed a slave
  3857 | D:4      | Noticed a slave
  3873 | D:4      | Killed a slave
  4351 | D:4      | Found an ancient bone altar of Kikubaaqudgha.
  4443 | D:4      | Noticed a phantom
  4446 | D:4      | Killed a phantom
  4446 | D:4      | Reached skill level 10 in Stealth
  4446 | D:4      | Reached XP level 7. HP: 45/45 MP: 7/7
  4744 | D:4      | Killed Pikel
  4744 | D:4      | Reached skill level 11 in Stealth
  4744 | D:4      | Reached XP level 8. HP: 42/50 MP: 8/8
  4793 | D:4      | Reached skill level 12 in Stealth
  4995 | D:4      | Found a hazy altar of Hepliaklqana.
  5137 | D:5      | Entered Level 5 of the Dungeon
  5183 | D:5      | Reached skill level 5 in Short Blades
  5672 | D:5      | Reached skill level 1 in Evocations
  6315 | D:6      | Reached skill level 13 in Stealth
  6414 | D:6      | Found a shadowy altar of Dithmenos.
  6422 | D:6      | Became a worshipper of Dithmenos the Shadowed
  6647 | D:6      | Reached XP level 9. HP: 54/54 MP: 10/10
  6711 | D:6      | Reached * piety under Dithmenos
  6766 | D:6      | Found Gillamo's Assorted Antiques.
  6775 | D:6      | Bought a wooden ring for 145 gold pieces
  6787 | D:6      | Found a runed translucent door.
  6788 | D:6      | Noticed Crazy Yiuf
  6874 | D:6      | Reached skill level 14 in Stealth
  7058 | D:6      | Found a staircase to the Ecumenical Temple.
  7348 | D:6      | Killed Crazy Yiuf
  7690 | D:7      | Reached ** piety under Dithmenos
  7740 | D:7      | Reached skill level 15 in Stealth
  7841 | D:7      | Noticed Joseph
  7845 | D:7      | Killed Joseph
  8062 | D:7      | Noticed Prince Ribbit
  8071 | D:7      | Killed Prince Ribbit
  8073 | D:7      | Reached skill level 16 in Stealth
  8164 | D:8      | Noticed a two-headed ogre
  8189 | D:8      | Found an opulent altar of Gozag.
  8371 | D:8      | Reached XP level 10. HP: 62/62 MP: 12/12
  8389 | D:8      | Reached skill level 1 in Shields
  8463 | D:8      | Killed a two-headed ogre
  8550 | D:8      | Found a deep blue altar of Sif Muna.
  8823 | D:8      | Learned a level 1 spell: Confusing Touch
  9064 | D:9      | Reached *** piety under Dithmenos
  9094 | D:9      | Paralysed by a centaur for 4 turns
  9969 | D:10     | Entered Level 10 of the Dungeon
 10098 | D:10     | Reached skill level 5 in Shields
 10106 | D:10     | Reached skill level 5 in Dodging
 10111 | D:10     | Reached skill level 5 in Spellcasting
 10131 | D:10     | Learned a level 3 spell: Confuse
 10134 | D:10     | Learned a level 2 spell: Passwall
 10259 | D:10     | Reached XP level 11. HP: 66/66 MP: 18/18
 10285 | D:10     | Reached skill level 1 in Hexes
 10354 | D:10     | Reached **** piety under Dithmenos
 10645 | D:10     | Found a staircase to the Orcish Mines.
 11410 | D:10     | Reached skill level 1 in Earth Magic
 11425 | D:10     | Found a staircase to the Lair.
 11594 | Orc:1    | Entered Level 1 of the Orcish Mines
 11594 | Orc:1    | Noticed an orc sorcerer
 11597 | Orc:1    | Found Zyh Utargh's Armour Shop.
 11598 | Orc:1    | Killed an orc sorcerer
 11758 | D:11     | Noticed a manticore
 11763 | D:11     | Killed a manticore
 11965 | D:11     | Noticed a two-headed ogre
 11967 | D:11     | Killed a two-headed ogre
 11967 | D:11     | Reached skill level 5 in Hexes
 12152 | D:11     | Noticed a red ugly thing
 12155 | D:11     | Killed a red ugly thing
 12173 | D:11     | Noticed a two-headed ogre
 12175 | D:11     | Killed a two-headed ogre
 12175 | D:11     | Reached XP level 12. HP: 55/72 MP: 6/20
 12420 | D:11     | Reached ***** piety under Dithmenos
 12968 | D:12     | You fall through a shaft for 2 floors!
 12979 | D:14     | Found a portal to a secret trove of treasure.
 13037 | D:14     | Learned a level 2 spell: Ensorcelled Hibernation
 13039 | D:14     | Found a shadowy altar of Dithmenos.
 13410 | Lair:1   | Entered Level 1 of the Lair of Beasts
 13423 | Lair:1   | Noticed a four-headed hydra
 13526 | Lair:1   | Noticed a four-headed hydra
 13532 | Lair:1   | Killed a four-headed hydra
 13532 | Lair:1   | Reached skill level 1 in Ice Magic
 13547 | Lair:1   | Noticed Grum
 13559 | Lair:1   | Killed Grum
 13772 | Lair:1   | Identified a scroll of acquirement
 13774 | Lair:1   | Reached skill level 5 in Earth Magic
 13774 | Lair:1   | Reached XP level 13. HP: 75/76 MP: 22/22
 13779 | Lair:1   | Learned a level 3 spell: Stone Arrow
 13784 | Lair:1   | Found a snail-covered altar of Cheibriados.
 14167 | Lair:1   | Noticed Gastronok
 14175 | Lair:1   | Killed Gastronok
 14751 | Lair:1   | Got a clouded lapis lazuli ring
 14752 | Lair:1   | Identified the ring "Kuwylall" {rC+ Int+2 Dex+3 SInv} (You
                  | acquired it on level 1 of the Lair of Beasts)
 14777 | Lair:1   | Noticed Fannar
 14784 | Lair:1   | Killed Fannar
 15191 | Lair:2   | Reached skill level 10 in Short Blades
 15250 | Lair:2   | Reached skill level 1 in Conjurations
 16073 | Lair:3   | Reached XP level 14. HP: 81/81 MP: 15/23
 16246 | Lair:3   | Noticed Rupert
 16249 | Lair:3   | Killed Rupert
 16410 | Lair:3   | Found a staircase to the Shoals.
 17438 | Lair:4   | Found a staircase to the Snake Pit.
 18483 | Lair:6   | Entered Level 6 of the Lair of Beasts
 18483 | Lair:6   | Found a staircase to the Slime Pits.
 19166 | Lair:6   | Reached ****** piety under Dithmenos
 19228 | Lair:6   | Reached skill level 5 in Conjurations
 19628 | Lair:6   | Paralysed by a hornet for 3 turns
 21692 | Orc:2    | Entered Level 2 of the Orcish Mines
 21707 | Orc:2    | Found a flickering gateway to a bazaar.
 21719 | Orc:2    | Found a staircase to the Elven Halls.
 21726 | Bazaar   | Entered a bazaar
 21726 | Bazaar   | Found Japenif's Antique Armour Boutique.
 21726 | Bazaar   | Found Xilluuri's General Store.
 21726 | Bazaar   | Found Pungopt's Antique Weapon Shop.
 21726 | Bazaar   | Found Loegruets's Magic Scroll Boutique.
 21741 | Bazaar   | Bought an embroidered hat for 154 gold pieces
 21748 | Bazaar   | Bought 3 scrolls of teleportation for 117 gold pieces
 21748 | Bazaar   | Bought a scroll of summoning for 123 gold pieces
 21748 | Bazaar   | Bought a scroll of holy word for 97 gold pieces
 21935 | Orc:2    | Reached XP level 15. HP: 33/87 MP: 7/28
 22661 | Orc:2    | Found Quusm's Antique Armour Shop.
 22661 | Orc:2    | Found Dypod's Weapon Shop.
 22664 | Orc:2    | Found Poemnam's Assorted Antiques.
 22664 | Orc:2    | Found Ihenac's Antique Armour Boutique.
 22680 | Orc:2    | Bought 2 dark potions for 50 gold pieces
 22684 | Orc:2    | Bought a potion of curing for 84 gold pieces
 22684 | Orc:2    | Bought a scroll of teleportation for 84 gold pieces
 22684 | Orc:2    | Bought a scroll of identify for 56 gold pieces
 22684 | Orc:2    | Bought 2 potions of cancellation for 448 gold pieces
 23243 | D:12     | Reached skill level 10 in Spellcasting
 23258 | D:12     | Learned a level 5 spell: Metabolic Englaciation
 23264 | D:12     | Learned a level 5 spell: Lee's Rapid Deconstruction
 23874 | D:13     | Noticed Jorgrun
 23885 | D:13     | Killed Jorgrun
 23990 | D:13     | Reached skill level 5 in Ice Magic
 24736 | D:14     | Upgraded the game from 0.23.2-1-ga50397a to
                  | 0.23.2-11-gf996548
 25156 | D:14     | Found a gate to the Vaults.
 25517 | D:15     | Entered Level 15 of the Dungeon
 25595 | D:15     | Noticed Azrael
 26243 | Shoals:1 | Entered Level 1 of the Shoals
 26245 | Shoals:1 | Noticed Roxanne
 26395 | Elf:1    | Entered Level 1 of the Elven Halls
 26404 | Orc:2    | Learned a level 5 spell: Bolt of Magma
 26543 | Orc:2    | Mangled by a +1 dire flail of crushing

Skill      XL: |  1  2  3  4  5  6  7  8  9 10 11 12 13 14 15 |
---------------+----------------------------------------------+-----
Stealth        | 6 7 8 10 11 13 16 | 16.3
Short Blades   | 3 4 5 6 7 10 | 10.9
Dodging        | 2 3 5 8 9 |  9.4
Evocations     | 1 3 |  3.1
Shields        | 5 |  5.0
Spellcasting   | 5 6 9 11 | 11.8
Hexes          | 5 7 |  7.4
Earth Magic    | 1 5 7 8 |  8.2
Throwing       | 3 4 |  4.0
Ice Magic      | 1 3 6 |  6.4
Invocations    | 3 4 |  4.0
Conjurations   | 1 6 |  6.0
Fighting       | |  2.9

Action                   |  1- 3 |  4- 6 |  7- 9 | 10-12 | 13-15 || total
-------------------------+-------+-------+-------+-------+-------++-------
Melee: Dagger            |    74 |    99 |   194 |   390 |   838 ||  1595
       Constrict         |    16 |    22 |    30 |    55 |    94 ||   217
       Tentacles         |    13 |    21 |    29 |    82 |   229 ||   374
 Fire: Blowgun           |     4 |    30 |    24 |    66 |       ||   124
 Cast: Confuse           |       |       |       |    11 |    52 ||    63
       Stone Arrow       |       |       |       |       |    32 ||    32
       Ensorcelled Hiber |       |       |       |       |    57 ||    57
       Passwall          |       |       |       |       |     2 ||     2
       Lee's Rapid Decon |       |       |       |       |    10 ||    10
       Bolt of Magma     |       |       |       |       |     2 ||     2
       Metabolic Englaci |       |       |       |       |     1 ||     1
Invok: Shadow Step       |       |       |       |       |     1 ||     1
Evoke: Wand              |       |       |       |    20 |    18 ||    38
       Box of beasts     |       |       |       |     2 |     2 ||     4
  Use: Scroll            |       |    13 |    15 |    22 |    22 ||    72
       Potion            |       |       |     2 |     3 |     6 ||    11
 Stab: Sleeping          |    12 |    15 |    60 |    51 |   129 ||   267
       Distracted        |       |       |     3 |     1 |     7 ||    11
       Paralysed         |       |       |       |     3 |       ||     3
       Confused          |       |       |       |     1 |    33 ||    34
       Invisible         |       |       |       |       |     3 ||     3
  Eat: Chunk             |     1 |     4 |     4 |    10 |    11 ||    30
       Ration            |       |     2 |     2 |     3 |     9 ||    16
Armor: Skin              |     8 |     2 |     4 |     4 |    13 ||    31
Dodge: Dodged            |    56 |    41 |    65 |   225 |   392 ||   779
Block: Buckler           |       |       |       |    70 |   196 ||   266
